 Dungeon Crawl Stone Soup version 0.23-a0-143-g1adec7b (webtiles) character file.

27 Amnesiac the Vexing (level 2, -3/22 HPs)
             Began as a Mummy Arcane Marksman on Sept 2, 2018.
             Slain by a kobold
             ... wielding a +0 short sword of electrocution
              (16 damage)
             ... on level 1 of the Dungeon.
             The game lasted 00:01:23 (875 turns).

Amnesiac the Vexing (Mummy Arcane Marksman)          Turns: 875, Time: 00:01:24

Health: -3/22      AC:  5    Str: 13    XL:     2   Next: 93%
Magic:  4/4        EV: 10    Int: 12    God:
Gold:   64         SH:  0    Dex: 12    Spells: 2/3 levels left

rFire    x . .     SeeInvis +   b - +0 short sword
rCold    + . .     Gourm    .   (no shield)
rNeg     + + +     Faith    .   h - +0 ring mail (curse)
rPois    ∞         Spirit   .   (no helmet)
rElec    .         Reflect  .   e - scarf {repulsion}
rCorr    .         Harm     .   (no gloves)
MR       .....                  (no boots)
Stlth    +.........             (no amulet)
HPRegen  0.07/turn              c - ring of see invisible
MPRegen  0.09/turn              (no ring)

@: repel missiles
A: no food or potions, fire vulnerability, cold resistance 1, negative energy
resistance 3, torment resistance, unbreathing
a: no special abilities


You were on level 1 of the Dungeon.
You were not hungry.

You visited 1 branch of the dungeon, and saw 1 of its levels.

You collected 64 gold pieces.

Inventory:

Hand Weapons
 a - a +0 hand crossbow
 b - a +0 short sword (weapon)
Missiles
 d - 27 bolts
Armour
 e - a scarf of repulsion (worn)
 g - a +0 cloak
 h - a cursed +0 ring mail (worn)
Jewellery
 c - a ring of see invisible (left hand)
Scrolls
 f - a scroll of identify {!r, unknown}


   Skills:
 + Level 1.7 Fighting
 * Level 2.5 Crossbows
 - Level 1.5 Dodging
 - Level 1.3 Spellcasting
 - Level 2.6 Hexes


You had 2 spell levels left.
You knew the following spells:

 Your Spells              Type           Power        Failure   Level  Hunger
a - Corona                Hex            #......      22%         1    N/A

Your spell library contained the following spells:

 Spells                   Type           Power        Failure   Level  Hunger
 Slow                     Hex            #.......     32%         2    N/A
 Inner Flame              Hex/Fire       #.......     73%         3    N/A
 Portal Projectile        Hex/Tloc       #.....       73%         3    N/A
 Cause Fear               Hex            #.........   91%         4    N/A
 Leda's Liquefaction      Hex/Erth       #.........   98%         4    N/A

Dungeon Overview and Level Annotations

Branches:
Dungeon (1/15)

Altars:


Innate Abilities, Weirdness & Mutations

You do not eat or drink.
Your flesh is vulnerable to fire.
You are immune to poison.
Your flesh is cold resistant. (rC+)
You are immune to negative energy. (rN+++)
You are immune to unholy pain and torment.
You can survive without breathing.


Message History

The kobold hits you but does no damage.
You barely miss the kobold.
The kobold is heavily wounded.
The kobold closely misses you.
You closely miss the kobold.
The kobold is heavily wounded.
The kobold barely misses you.
You hit the kobold but do no damage.
The kobold is heavily wounded.
The kobold closely misses you.
You hit the kobold.
You kill the kobold!
No target in view!
No target in view!
No target in view!
No target in view!
Things that are here:
a short sword; a kobold corpse
d - 27 bolts (gained 7)
You now have 64 gold pieces (gained 11).
A ball python and a rat come into view.
The ball python hisses angrily.
You hear a shout!
You hear an angry hiss.
You hear a shout!
The ball python bites you. The ball python closely misses you.
You hear a shout!
There are monsters nearby!
You closely miss the ball python.
A goblin comes into view.
The rat misses you. The ball python bites you.
The ball python barely misses you.
A frilled lizard comes into view.
A kobold comes into view.
You hit the rat.
You kill the rat!
The ball python barely misses you. x2
A kobold comes into view.
It is wielding a short sword of electrocution.
You barely miss the ball python.
The kobold shouts!
The ball python bites you but does no damage.
The ball python misses you.
You hit the ball python.
You kill the ball python!
You closely miss the goblin. The goblin hits you but does no damage.
You hit the goblin.
You kill the goblin!
You hit the frilled lizard.
You kill the frilled lizard!
The kobold throws a stone.
The stone is repelled.
You closely miss the kobold. You hit the kobold but do no damage.
The kobold throws a stone.
The stone is repelled.
The kobold hits you but does no damage.
You hit the kobold.
The kobold is moderately wounded.
The kobold throws a stone.
The stone hits you but does no damage. The kobold hits you.
You hit the kobold.
The kobold is severely wounded.
The kobold hits you.
You barely miss the kobold.
The kobold is severely wounded.
The kobold hits you with a short sword of electrocution.
The kobold closely misses you. The kobold hits you but does no damage.
You are electrocuted!
Ouch! That really hurt!
You die...

#### ##... ## #... ..
##... ##.## ...##?...
#.###.#..# #(...@K.#
#####K#..# ####
#######.....##....
...#.#............###.##
...#.#..................
...#.#...................
...#.#............#.... .
####.#######......#+####
#.# #...........#


You could see 2 kobolds.

Vanquished Creatures
  A dart slug (D:1)
  4 bats (D:1)
  4 giant cockroaches (D:1)
  2 hobgoblins (D:1)
  A ball python (D:1)
  4 frilled lizards (D:1)
  3 goblins (D:1)
  3 kobolds (D:1)
  4 rats (D:1)
26 creatures vanquished.

Notes
Turn   | Place    | Note
-------+----------+-------------------------------------------
     0 | D:1      | Amnesiac the Mummy Arcane Marksman began the quest for the
                  | Orb.
     0 | D:1      | Reached XP level 1. HP: 15/15 MP: 2/2
   328 | D:1      | Reached XP level 2. HP: 20/21 MP: 4/4
   875 | D:1      | Slain by a kobold

Vault maps used:
D:1:      eino_arrival_druids_welcome, serial_co_window_serial,
          co_window_corner_a, co_window_of_opportunity_a, co_window_cross_1,
          co_window_paths_b, co_window_paths_b, co_window_corner_a,
          co_window_corner_a, co_window_of_opportunity_b, co_window_broadway_b,
          co_window_unsneaky_path_c, co_window_sun, glass_columns_b,
          glass_columns_c, minmay_box_of_dots

Skill      XL: |  1 |
---------------+----+-----
Crossbows      | 2 |  2.5
Fighting       | |  1.7
Dodging        | |  1.5
Spellcasting   | |  1.3
Hexes          | |  2.6

Action                   || total
-------------------------++-------
Melee: Unarmed           ||    43
       Short sword       ||    77
 Fire: Hand crossbow     ||     1
Armor: Ring mail         ||    58
       Robe              ||     5
Dodge: Dodged            ||    91
       Deflected         ||     2

Table legend:
 A = Non-vault XP
 B = Vault XP
 C = Vault XP percentage of total XP
 D = Non-vault monster count
 E = Vault monster count
 F = Vault count percentage of total count
                 A         B        C        D         E       F
            +---------+---------+-------+---------+---------+-------
      Total |      37 |       2 |   5.1 |      24 |       2 |   7.7
            +---------+---------+-------+---------+---------+-------
        D:1 |      37 |       2 |   5.1 |      24 |       2 |   7.7
            +---------+---------+-------+---------+---------+-------
